AoeStats
← WING123456

Fortress

508209937Analyzed
4v4 RM · 11d ago on Sep 21, 2026· 48m 21s· 8 players
Game mode
Random Map
Map size
Huge
Population
200
Speed
Normal
Resources
Standard
Victory
Conquest
Starting age
Dark Age
Ending age
Imperial Age
RankedLock teamsTeams togetherTeam positionsShared explorationLock speedFull tech treeHidden civsTurbo modeCheats
Victory
Defeat
🇮🇩 Burgundians · Indonesia
1096
+12
🇨🇳 Italians · China
1090
+12
🇮🇩 Mongols · Indonesia
1073
+13
🇨🇳 Goths · China
1036
+14
🇬🇷 Spanish · Greece
1039
-15
🇨🇦 Bohemians · Canada
1025
-14
🇬🇷 Khmer · Greece
990
-12
🇬🇷 Goths · Greece
939
-10
WING123456
7:57 Feudal Age
9:23 Double-Bit Axe
11:43 Castle Age
10:16 Horse Collar
12:49 Bow Saw
19:22 Wheelbarrow
20:57 Gold Mining
23:31 Hand Cart
23:42 Loom
27:21 Imperial Age
25:18 Anarchy
25:21 Scale Mail Armor
25:31 Forging
25:56 Squires
26:48 Chain Mail Armor
27:48 Iron Casting
27:11 Pikeman
27:41 Elite Huskarl
28:42 Conscription
31:55 Blast Furnace
32:49 Halberdier
43:06 Man-at-Arms
45:17 Long Swordsman
46:23 Two-Handed Swordsman
47:02 Champion
mAjiCode
5:13 Double-Bit Axe
5:13 Horse Collar
6:12 Wheelbarrow
8:03 Feudal Age
7:41 Wheelbarrow
8:38 Feudal Age
7:57 Gold Mining
8:13 Stone Mining
11:34 Bow Saw
14:05 Castle Age
13:28 Heavy Plow
14:53 Loom
15:55 Gold Shaft Mining
17:20 Two-Man Saw
18:05 Stone Shaft Mining
18:41 Burgundian Vineyards
19:35 Hand Cart
21:47 Crop Rotation
26:10 Imperial Age
27:45 Scale Barding Armor
27:51 Forging
27:06 Elite Coustillier
28:57 Conscription
34:22 Chain Barding Armor
34:38 Iron Casting
35:51 Plate Barding Armor
37:34 Chemistry
36:15 Treadmill Crane
36:47 Fortified Wall
36:48 Masonry
48:25 Blast Furnace
47:27 Padded Archer Armor
Simple.204
7:45 Feudal Age
11:33 Castle Age
9:25 Double-Bit Axe
9:32 Horse Collar
17:32 Loom
20:10 Bow Saw
25:59 Imperial Age
23:49 Gold Mining
24:37 Ballistics
26:00 Gold Shaft Mining
25:58 Heavy Plow
26:24 Stone Mining
26:52 Fortified Wall
26:47 Murder Holes
28:05 Wheelbarrow
27:41 Fletching
27:52 Padded Archer Armor
28:04 Forging
29:45 Bodkin Arrow
30:57 Masonry
32:05 Onager
36:44 Drill
40:27 Siege Onager
45:23 Leather Archer Armor
47:13 Bracer
48:27 Hand Cart
47:58 Town Watch
飞鱼
2:10 Loom
8:25 Feudal Age
13:57 Castle Age
12:26 Double-Bit Axe
14:08 Horse Collar
15:07 Wheelbarrow
14:17 Town Watch
16:35 Fletching
17:28 Squires
21:31 Imperial Age
25:58 Chemistry
25:08 Padded Archer Armor
26:46 Conscription
26:51 Heavy Plow
29:21 Fortified Wall
30:14 Bodkin Arrow
32:40 Bracer
32:36 Arson
36:59 Ballistics
36:26 Elite Genoese Crossbowman
37:43 Leather Archer Armor
40:33 Ring Archer Armor
46:23 Scale Mail Armor
48:07 Forging
48:13 Chain Mail Armor
GIBBY
4:46 Loom
8:43 Feudal Age
10:07 Wheelbarrow
15:33 Castle Age
14:42 Forging
14:32 Scale Mail Armor
14:28 Horse Collar
14:37 Double-Bit Axe
14:47 Gold Mining
14:47 Stone Mining
17:03 Hand Cart
19:26 Heavy Plow
22:33 Stone Mining
22:57 Bow Saw
22:50 Anarchy
30:06 Imperial Age
28:01 Ballistics
31:11 Squires
30:32 Man-at-Arms
31:51 Stone Shaft Mining
31:53 Iron Casting
31:34 Chain Mail Armor
31:57 Long Swordsman
33:40 Blast Furnace
32:44 Perfusion
32:15 Sappers
33:06 Conscription
33:26 Two-Handed Swordsman
35:30 Conscription
34:51 Champion
37:26 Elite Huskarl
39:07 Crop Rotation
39:39 Two-Man Saw
dripped fly lo
9:55 Feudal Age
13:01 Castle Age
11:52 Double-Bit Axe
16:22 Bow Saw
16:38 Horse Collar
17:44 Heavy Plow
17:40 Stone Mining
25:18 Gold Mining
29:58 Imperial Age
29:45 Scale Barding Armor
29:52 Forging
30:00 Husbandry
30:11 Bloodlines
30:22 Bloodlines
31:20 Elite Battle Elephant
33:52 Chain Barding Armor
34:08 Iron Casting
35:48 Elite Ballista Elephant
36:33 Tusk Swords
38:23 Chemistry
37:29 Siege Engineers
37:36 Double Crossbow
Tsimentopoulos
7:16 Feudal Age
8:33 Loom
12:19 Castle Age
10:49 Double-Bit Axe
10:56 Horse Collar
13:13 Bow Saw
13:24 Heavy Plow
23:39 Wheelbarrow
26:36 Imperial Age
25:16 Stone Mining
25:18 Gold Mining
26:38 Hand Cart
27:45 Stone Shaft Mining
28:44 Two-Man Saw
29:27 Scale Barding Armor
29:30 Cavalier
30:11 Husbandry
30:43 Bloodlines
30:55 Chain Barding Armor
30:46 Forging
34:35 Plate Barding Armor
34:36 Iron Casting
35:46 Fletching
36:13 Light Cavalry
38:03 Blast Furnace
38:06 Hussar
40:59 Blast Furnace
40:56 Fletching
41:07 Padded Archer Armor
41:02 Elite Skirmisher
42:18 Thumb Ring
Rage of Khorne
1:33 Loom
7:56 Feudal Age
8:39 Double-Bit Axe
8:37 Horse Collar
15:18 Castle Age
17:11 Bow Saw
18:52 Wheelbarrow
19:07 Fervor
19:28 Heavy Plow
20:48 Hand Cart
28:12 Imperial Age
26:58 Chemistry
26:32 Ballistics
26:37 Pikeman
27:18 Squires
27:03 Arson
28:38 Wagenburg Tactics
27:58 Elite Skirmisher
29:32 Conscription
29:55 Houfnice
31:14 Capped Ram
32:05 Scale Mail Armor
32:15 Forging
31:56 Fletching
32:06 Padded Archer Armor
32:12 Scale Barding Armor
34:08 Halberdier
35:27 Iron Casting
35:07 Chain Mail Armor
37:06 Two-Man Saw
36:56 Chain Barding Armor
36:31 Bodkin Arrow
36:52 Leather Archer Armor
41:55 Bracer
42:56 Blast Furnace
42:27 Plate Mail Armor
42:27 Ring Archer Armor
41:47 Arrowslits
42:08 Siege Engineers
42:13 Masonry
Connection lost

Rejoining the realm…

Still unreachable

The connection could not be restored.

Session expired

The server has moved on; the page needs a fresh start.